 Dungeon Crawl Stone Soup version 0.23.2 (webtiles) character file.

Game seed: 7788257830319624386

5667 emperorjimmu the Fighter (level 10, -12/66 HPs)
             Began as a Gargoyle Berserker on Apr 10, 2019.
             Was a Priest of Trog.
             Mangled by a komodo dragon (20 damage)
             ... on level 1 of the Lair of Beasts on Apr 11, 2019.
             The game lasted 01:45:31 (7825 turns).

emperorjimmu the Fighter (Gargoyle Berserker)       Turns: 7825, Time: 01:45:31

Health: -12/66     AC: 26    Str: 26    XL:     10   Next: 75%
Magic:  10/10      EV: 10    Int: 14    God:    Trog [***...]
Gold:   335        SH:  0    Dex:  7    Spells: 9/9 levels left

rFire    . . .     SeeInvis .   e - +0 trident (flame)
rCold    + . .     Gourm    .   (no shield)
rNeg     + . .     Faith    .   t - +3 chain mail {rC+}
rPois    ∞         Spirit   .   d - +0 helmet
rElec    +         Reflect  .   a - +3 cloak "Raakh" {Str+2 Int+6 Slay-2 Stlth+}
rCorr    .         Harm     .   (no gloves)
MR       .....     Clarity  +   (no boots)
Stlth    ..........             (no amulet)
HPRegen  0.21/turn              (no ring)
MPRegen  0.12/turn              (no ring)

@: berserk cooldown, slowed, very slow
A: clarity, clumsy 1, negative energy resistance 1, electricity resistance,
unbreathing, petrification resistance, rot immunity, AC +7
a: Berserk, Trog's Hand, Renounce Religion


You were on level 1 of the Lair of Beasts.
You worshipped Trog.
Trog was most pleased with you.
You were very hungry.

You visited 3 branches of the dungeon, and saw 11 of its levels.

You collected 383 gold pieces.
You spent 48 gold pieces at shops.

Inventory:

Hand Weapons
 e - a +0 trident of flaming (weapon)
 p - a +4 hunting sling
 s - a +0 flail of holy wrath
Missiles
 o - 196 stones (quivered)
Armour
 a - the +3 cloak "Raakh" (worn) {Str+2 Int+6 Slay-2 Stlth+}
   (You found it on level 7 of the Dungeon)

   It affects your strength (+2).
   It affects your intelligence (+6).
   It affects your accuracy and damage with ranged weapons and melee attacks
   (-2).
   It makes you more stealthy.
 d - a +0 helmet (worn)
 m - a +0 plate armour
 t - a +3 chain mail of cold resistance (worn)
Jewellery
 x - an uncursed ring of ice
Wands
 g - a wand of random effects (11)
Scrolls
 h - 6 scrolls of remove curse
 i - a scroll of enchant armour {unknown}
 y - a scroll of blinking {unknown}
Potions
 b - a potion of mutation
 f - 10 potions of curing
 j - 3 potions of heal wounds
 k - 3 potions of brilliance {unknown}
 l - a potion of flight
 r - a potion of haste {unknown}
 u - a potion of lignification {unknown}
 v - 2 potions of agility {unknown}
 w - a potion of magic {unknown}
Comestibles
 c - 3 rations


   Skills:
 + Level 9.2 Fighting
 - Level 4.6 Maces & Flails
 * Level 8.0 Polearms
 - Level 1.6 Slings
 - Level 8.2 Armour
 + Level 5.5 Dodging


You had 9 spell levels left.
You didn't know any spells.
Your spell library contained the following spells:

 Spells                   Type           Power        Failure   Level  Hunger
 Poisonous Vapours        Pois/Air       #.....       92%         2    ###....
 Conjure Flame            Conj/Fire      #.......     99%         3    ####...
 Mephitic Cloud           Conj/Pois/Air  #.......     99%         3    ####...
 Freezing Cloud           Conj/Ice/Air   #.........   100%        6    #######
 Ring of Flames           Chrm/Fire      #.........   100%        7    #######


Dungeon Overview and Level Annotations

Branches:
Dungeon (9/15)             Temple (1/1) D:4            Lair (1/6) D:9
    Orc: D:9-12

Altars:
Cheibriados
Elyvilon
Fedhas
Gozag
Makhleb
Nemelex Xobeh
Qazlal
Ru
Sif Muna
Trog
Xom
Yredelemnul

Shops:
D:5 *   D:7 [   D:9 :


Innate Abilities, Weirdness & Mutations

You are resistant to torment.
Your stone body is resilient. (AC +7)
You are immune to poison.
You resist negative energy. (rN+)
You are resistant to electric shocks. (rElec)
You can survive without breathing.
You are immune to petrification.
You are immune to rotting.
You possess an exceptional clarity of mind.
You are clumsy. (Dex -2)


Message History

You hit the komodo dragon but do no damage.
The komodo dragon is lightly wounded.
The komodo dragon bites you but does no damage.
The komodo dragon bites you but does no damage.
Found a stone staircase leading down.
You closely miss the komodo dragon.
The komodo dragon is lightly wounded.
A crocodile comes into view.
The komodo dragon bites you but does no damage.
The komodo dragon bites you.
* * * LOW HITPOINT WARNING * * *
As you read the scroll of fog, it crumbles to dust.
The scroll dissolves into smoke.
The komodo dragon bites you!
* * * LOW HITPOINT WARNING * * *
The komodo dragon bites you but does no damage.
The komodo dragon barely misses you.
The komodo dragon bites you but does no damage.
The komodo dragon bites you but does no damage.
The crocodile closely misses you. The komodo dragon bites you!!
You die...

##.#.....##
###.#P..# ##..# #
#...#.....#
#....## #...# ##
#.##......#
##....###..## ##.
# ###..#.##
##........P####..
#.###§##
#.........##..##
#..##§§§#
#..###....Y..###
#..####l####...#
#.......##. #..#
#§§§§...##
#....#...## ...#
#§§ll@###
#....###..# ....#
#..###t# #....#
#P.. ....## ##..
......# ##..
###.. ⌠.>.⌠....##
##. #..
.....#.#..## #.
#..
#...#####..####.
#. #+.#
#......... ..
#.........
#.......#


You could see 2 komodo dragons and a crocodile.

Vanquished Creatures
  Maurice (D:8)
  Joseph (D:7)
  A spiny frog (Lair:1)
  A hippogriff (Lair:1)
  7 yaks
  Edmund (D:4)
  Duvessa (D:7)
  3 water moccasins
  An ice beast (D:9)
  2 porcupines (Lair:1)
  A black bear (D:8)
  2 orc warriors (D:6)
  A sky beast (D:5)
  An eye of draining (D:8)
  3 phantoms (D:6)
  3 ogres
  2 centaurs
  A crocodile (Lair:1)
  Blork the orc (D:5)
  3 bullfrogs
  A scorpion (D:9)
  Dowan (D:7)
  5 crimson imps
  2 bullfrog skeletons
  A gnoll shaman (D:6)
  3 hounds
  2 orc priests
  2 jellies
  3 orc wizards
  2 iguanas (D:8)
  7 worker ants
  A hound zombie (D:6)
  2 hound skeletons (D:5)
  5 gnolls
  17 adders
  2 shadow imps
  2 oozes
  An adder skeleton (D:5)
  5 worms
  5 leopard geckos
  17 orcs
  A ball python (D:3)
  6 bats
  2 giant cockroaches
  8 goblins
  6 hobgoblins
  3 jackals
  4 kobolds
  5 frilled lizards
  A quokka zombie (D:5)
  2 rats
  A fungus (Lair:1)
  2 plants (Lair:1)
164 creatures vanquished.

Notes
Turn   | Place    | Note
-------+----------+-------------------------------------------
     0 | D:1      | emperorjimmu the Gargoyle Berserker began the quest for the
                  | Orb.
     0 | D:1      | Reached XP level 1. HP: 14/14 MP: 1/1
   379 | D:1      | Reached XP level 2. HP: 15/19 MP: 2/2
   693 | D:2      | Reached XP level 3. HP: 24/24 MP: 3/3
   742 | D:2      | Reached skill level 4 in Fighting
   744 | D:2      | Reached XP level 4. HP: 24/29 MP: 4/4
   808 | D:2      | Found a shimmering altar of Xom.
   808 | D:2      | Found a stormy altar of Qazlal.
   817 | D:2      | Found a deep blue altar of Sif Muna.
   824 | D:2      | Found a burning altar of Makhleb.
   826 | D:2      | Found a sacrificial altar of Ru.
   946 | D:2      | Reached ** piety under Trog
  1285 | D:2      | Reached XP level 5. HP: 34/34 MP: 5/5
  2010 | D:4      | Found a staircase to the Ecumenical Temple.
  2035 | D:4      | Reached XP level 6. HP: 13/40 MP: 6/6
  2043 | D:4      | Noticed Edmund
  2082 | D:4      | Killed Edmund
  2082 | D:4      | Reached skill level 5 in Fighting
  2082 | D:4      | Reached skill level 1 in Polearms
  2109 | Temple   | Entered the Ecumenical Temple
  2530 | D:4      | Reached XP level 7. HP: 42/44 MP: 7/7
  2705 | D:5      | Entered Level 5 of the Dungeon
  2705 | D:5      | Noticed Blork the orc
  2726 | D:5      | Killed Blork the orc
  2816 | D:5      | Reached skill level 5 in Armour
  2955 | D:5      | Reached *** piety under Trog
  2988 | D:5      | Reached skill level 6 in Fighting
  3011 | D:5      | Reached XP level 8. HP: 20/51 MP: 8/8
  3186 | D:5      | Found Penneteu's Assorted Antiques.
  3194 | D:5      | Bought a scroll of identify for 48 gold pieces
  3605 | D:6      | Gained mutation: You are clumsy. (Dex -2) [potion of
                  | mutation]
  3605 | D:6      | Gained mutation: You possess an exceptional clarity of
                  | mind. [potion of mutation]
  4367 | D:6      | Found a basalt altar of Yredelemnul.
  4585 | D:6      | Reached skill level 7 in Fighting
  4659 | D:6      | Reached XP level 9. HP: 30/57 MP: 9/9
  5223 | D:7      | Noticed Duvessa
  5223 | D:7      | Noticed Dowan
  5435 | D:7      | Found a snail-covered altar of Cheibriados.
  5437 | D:7      | Found Cheibriados's Comfort Zone.
  5467 | D:7      | Got a jewelled cloak
  5473 | D:7      | Identified the +3 cloak "Raakh" {Str+2 Int+6 Slay-2 Stlth+}
                  | (You found it on level 7 of the Dungeon)
  5787 | D:7      | Killed Dowan
  5832 | D:7      | Killed Duvessa
  5946 | D:7      | Noticed Joseph
  5966 | D:7      | Killed Joseph
  5966 | D:7      | Reached skill level 5 in Polearms
  6210 | D:8      | Reached skill level 5 in Dodging
  6220 | D:8      | Found a white marble altar of Elyvilon.
  6431 | D:8      | Reached skill level 8 in Fighting
  6479 | D:8      | Noticed Maurice
  6531 | D:8      | Killed Maurice
  6531 | D:8      | Reached skill level 1 in Slings
  6531 | D:8      | Reached XP level 10. HP: 64/64 MP: 10/10
  6666 | D:9      | Found Darel's Book Boutique.
  6770 | D:9      | Found a staircase to the Lair.
  7111 | Lair:1   | Entered Level 1 of the Lair of Beasts
  7111 | Lair:1   | Noticed a spiny frog
  7125 | Lair:1   | Killed a spiny frog
  7512 | Lair:1   | Reached skill level 9 in Fighting
  7825 | Lair:1   | Mangled by a komodo dragon

Skill      XL: |  1  2  3  4  5  6  7  8  9 10 |
---------------+-------------------------------+-----
Armour         | 3 4 5 6 7 8 |  8.2
Fighting       | 4 5 6 7 8 9 |  9.2
Maces & Flails | 4 |  4.6
Polearms       | 1 2 3 6 8 |  8.0
Dodging        | 2 3 4 5 |  5.5
Slings         | 1 |  1.6

Action                   |  1- 3 |  4- 6 |  7- 9 | 10-12 || total
-------------------------+-------+-------+-------+-------++-------
Melee: Mace              |    77 |   111 |       |       ||   188
       Spear             |       |    37 |       |       ||    37
       Trident           |       |    36 |   506 |   282 ||   824
       Flail             |       |    42 |    45 |       ||    87
       Unarmed           |       |       |     8 |       ||     8
 Fire: Hunting sling     |       |     4 |    12 |       ||    16
Invok: Berserk           |     2 |     2 |     9 |     2 ||    15
       Trog's Hand       |       |     1 |     8 |     1 ||    10
Evoke: Wand              |       |       |     3 |     5 ||     8
  Use: Scroll            |     3 |     6 |     7 |     2 ||    18
       Potion            |       |     1 |     5 |       ||     6
 Stab: Invisible         |       |     3 |       |       ||     3
  Eat: Ration            |     1 |     2 |     8 |     1 ||    12
Armor: Ring mail         |    39 |    92 |       |       ||   131
       Chain mail        |       |    27 |   420 |   161 ||   608
Dodge: Dodged            |    65 |   159 |   313 |   120 ||   657
